 Dungeon Crawl Stone Soup version 0.29.0-15-g675c0067aa (webtiles) character file.

Game seed: 2104169653314466943

731 qw the Blocker (level 7, 0/41 HPs)
             Began as a Gargoyle Fighter on Sept 12, 2022.
             Slain by a killer bee (2 damage)
             ... on level 4 of the Dungeon.
             The game lasted 00:01:30 (4694 turns).

qw the Blocker (Gargoyle Fighter)                   Turns: 4694, Time: 00:01:30

Health: 0/41       AC: 17    Str: 21    XL:     7   Next: 73%
Magic:  7/7        EV:  3    Int:  9    God:
Gold:   260        SH: 14    Dex:  9    Spells: 6/6 levels left

rFire   . . .      SeeInvis .   Y - +0 war axe (vorpal)
rCold   . . .      Faith    .   k - +0 tower shield
rNeg    + . .      Spirit   .   e - +0 plate armour
rPois   inf        Reflect  .   (no helmet)
rElec   +          Harm     .   m - +0 cloak
rCorr   .          Rampage  .   (no gloves)
Will    .....                   (no boots)
Stlth   ..........              (no amulet)
HPRegen 0.13/turn               (no ring)
MPRegen 0.10/turn               (no ring)

@: about to teleport
A: sickness immunity, AC +4, negative energy resistance 1, electricity
resistance, torment resistance 1, petrification resistance
a: no special abilities


You were on level 4 of the Dungeon.
You visited 2 branches of the dungeon, and saw 6 of its levels.

You collected 260 gold pieces.


Innate Abilities, Weirdness & Mutations

You are immune to sickness and miasma.
Your stone body is resilient. (AC +4)
You are immune to poison.
You resist negative energy. (rN+)
You are resistant to electric shocks. (rElec)
You are resistant to unholy torment.
You are immune to petrification.


   Skills:
 - Level 3.2 Fighting
 + Level 4.6 Axes
 - Level 3.2 Armour
 - Level 8.1 Shields


You had 6 spell levels left.
You didn't know any spells.
Your spell library was empty.

Inventory:

Hand Weapons
 l - a +0 flail
 Y - a +0 vorpal war axe (weapon)
Missiles
 a - 3 boomerangs (quivered)
Armour
 e - a +0 plate armour (worn)
 k - a +0 tower shield (worn)
 m - a +0 cloak (worn)
Scrolls
 c - a scroll of teleportation
 i - a scroll of identify
Potions
 d - 3 potions of might
 g - a potion of cancellation
 h - a potion of curing
 j - a potion of lignification {unknown}

Dungeon Overview and Level Annotations

Branches:
Dungeon (5/15)             Temple (1/1) D:4

Altars:
Elyvilon
Gozag
Hepliaklqana
Kikubaaqudgha
Nemelex Xobeh
Ru
Sif Muna
Trog
Uskayaw
Wu Jian
Yredelemnul
The Shining One


Message History

The killer bee stings you but does no damage.
You block the killer bee's attack.
The killer bee stings you but does no damage. x2
The killer bee stings you.
You barely miss the killer bee.
The killer bee is severely wounded.
You miss the killer bee. You slash the killer bee!
You kill the killer bee!
The killer bee stings you but does no damage.
The killer bee stings you.
The killer bee stings you but does no damage. x2
You block the killer bee's attack. The killer bee stings you.
You closely miss the killer bee.
The killer bee is severely wounded.
You closely miss the killer bee.
The killer bee stings you but does no damage. x2
The killer bee completely misses you. You block the killer bee's attack.
The hound bites you but does no damage. The killer bee completely misses you.
The killer bee stings you! The hound barely misses you.
You miss the killer bee.
The killer bee is severely wounded.
You closely miss the killer bee. You slash the hound!
The killer bee stings you. You block the killer bee's attack.
The killer bee completely misses you. You block the killer bee's attack.
You block the hound's attack.
The killer bee stings you but does no damage. x2
The hound bites you but does no damage.
4693 ||| READING 2 scrolls of teleportation.
As you read the scroll of teleportation, it crumbles to dust.
You feel strangely unstable. You block the killer bee's attack.
The killer bee stings you but does no damage.
You block the hound's attack.
The killer bee stings you but does no damage.
The killer bee stings you.
You closely miss the hound.
The hound is almost dead.
You slash the killer bee! You miss the killer bee.
You block the killer bee's attack. The killer bee stings you.
You die...

#....#....#### #.#.....#.#...
#.#..##.#.#... #.#.....#.#...
#.#.##..#..... ###.#.#...h.y...
#####..........>y...
#..yh.#...#..###y###
#..@y.....#..# #.#
#.###.###.#..# #.#
#...#.#...#..###.#
#.###.#.#.#..##..### ########
#.#.....#......#.... #......#
#.#.#.###..#..#####.
#.####.######.........####.###..
#.# #........#.#.###.## ##.#...
#.# ########.#.....#..# ##.#.<


You could see a hound and 2 killer bees.

Vanquished Creatures
  A yak (D:4)
  A sky beast (D:4)
  A black bear (D:4)
  An ogre (D:4)
  A centaur (D:4)
  A killer bee (D:4)
  An iguana (D:4)
  An orc wizard (D:4)
  4 gnolls (D:2)
  4 adders
  A worm (D:4)
  9 orcs
  4 endoplasms
  5 giant cockroaches
  9 goblins
  4 hobgoblins
  7 kobolds
  2 quokkas (D:1)
  3 ball pythons
  6 bats
  2 frilled lizards
  7 rats
75 creatures vanquished.

Vanquished Creatures (others)
  A human (D:3)
  4 toadstools (D:1)
5 creatures vanquished.

Grand Total: 80 creatures vanquished

Notes
Turn   | Place    | Note
-------+----------+-------------------------------------------
     0 | D:1      | qw the Gargoyle Fighter began the quest for the Orb.
     0 | D:1      | Reached XP level 1. HP: 14/14 MP: 1/1
     0 | D:1      | 0 ||| qw: Version: 0.1-a-119-g272c26d
     0 | D:1      | 0 ||| qw: Game counter: 10904
     0 | D:1      | 0 ||| qw: Always use a shield: true
     0 | D:1      | 0 ||| qw: God list: Okawaru
     0 | D:1      | 0 ||| qw: Allow faded altars: false
     0 | D:1      | 0 ||| qw: Do Orc after D:15 true
     0 | D:1      | 0 ||| qw: Do second Lair branch before Depths: true
     0 | D:1      | 0 ||| qw: Lair rune preference: random
     0 | D:1      | 0 ||| qw: Plans: Normal, Zot, God:TSO, Crypt, Tomb, Pan,
                  | Slime, Hells, Zig, Abyss, Orb
     0 | D:1      | 0 ||| PLANNING D:1-11
   235 | D:1      | 235 ||| Stepping ~*~*~tactically~*~*~ (stealth).
   270 | D:1      | Found a faded altar of an unknown god.
   348 | D:1      | Reached XP level 2. HP: 19/19 MP: 2/2
   770 | D:1      | 770 ||| DROPPING +0 club.
   779 | D:1      | Reached skill level 3 in Axes
   893 | D:1      | Reached XP level 3. HP: 22/23 MP: 3/3
  1194 | D:1      | 1194 ||| READING scroll labelled FAUCEA CORE.
  1195 | D:1      | 1195 ||| READING scroll labelled UQAXZIFEFU.
  1196 | D:1      | 1196 ||| READING scroll labelled SOCVUBB ODGHA.
  1200 | D:1      | 1200 ||| DRINKING 2 fizzy pink potions.
  1201 | D:1      | 1201 ||| DROPPING potion of brilliance.
  1403 | D:2      | 1403 ||| Stepping ~*~*~tactically~*~*~ (stealth).
  1568 | D:2      | 1568 ||| DROPPING +0 whip.
  1719 | D:2      | 1719 ||| Stepping ~*~*~tactically~*~*~ (stealth).
  1720 | D:2      | 1720 ||| Stepping ~*~*~tactically~*~*~ (stealth).
  1928 | D:2      | Reached XP level 4. HP: 26/28 MP: 4/4
  2101 | D:2      | 2101 ||| Stepping ~*~*~tactically~*~*~ (stealth).
  2322 | D:2      | 2322 ||| DROPPING +1 whip of draining.
  2397 | D:2      | 2397 ||| UPGRADING to +0 plate armour.
  2407 | D:2      | 2407 ||| DROPPING +0 scale mail.
  2408 | D:2      | 2408 ||| UPGRADING to +0 tower shield.
  2418 | D:2      | 2418 ||| DROPPING +0 buckler.
  2419 | D:2      | 2419 ||| READING scroll labelled ENUQEIRR UVVYE.
  2420 | D:2      | 2420 ||| READING 2 scrolls labelled JEFEADE UROUBI.
  2421 | D:2      | 2421 ||| DRINKING 2 emerald potions.
  2481 | D:3      | 2481 ||| Stepping ~*~*~tactically~*~*~ (stealth).
  2485 | D:3      | 2485 ||| Stepping ~*~*~tactically~*~*~ (stealth).
  2486 | D:3      | 2486 ||| Stepping ~*~*~tactically~*~*~ (stealth).
  2487 | D:3      | 2487 ||| STAIRDANCE
  2495 | D:3      | 2495 ||| STAIRDANCE
  2738 | D:3      | 2738 ||| Stepping ~*~*~tactically~*~*~ (stealth).
  2741 | D:3      | Reached XP level 5. HP: 32/32 MP: 5/5
  2958 | D:3      | Found an ancient bone altar of Kikubaaqudgha.
  2961 | D:3      | Noticed a human
  2962 | D:3      | Killed a human
  3099 | D:3      | 3099 ||| READING scroll labelled SAPPEL DOER.
  3100 | D:3      | 3100 ||| READING scroll labelled GICSOS SOYRU.
  3101 | D:3      | 3101 ||| READING scroll labelled XIGHUG GABIOQ.
  3102 | D:3      | 3102 ||| READING 2 scrolls of identify.
  3102 | D:3      | 3102 ||| IDENTIFYING bubbling cyan potion
  3154 | D:4      | Noticed a black bear
  3156 | D:4      | Noticed a sky beast
  3157 | D:4      | 3157 ||| Stepping ~*~*~tactically~*~*~ (stealth).
  3161 | D:4      | 3161 ||| Stepping ~*~*~tactically~*~*~ (stealth).
  3164 | D:4      | Killed a black bear
  3165 | D:4      | Reached skill level 4 in Shields
  3196 | D:4      | Killed a sky beast
  3197 | D:4      | Reached skill level 5 in Shields
  3197 | D:4      | Reached XP level 6. HP: 31/37 MP: 6/6
  3296 | D:4      | Reached skill level 6 in Shields
  3329 | D:4      | 3329 ||| Stepping ~*~*~tactically~*~*~ (hiding).
  3330 | D:4      | 3330 ||| Stepping ~*~*~tactically~*~*~ (hiding).
  3650 | D:4      | Found an ornate altar of the Wu Jian Council.
  3677 | D:4      | Found a staircase to the Ecumenical Temple.
  3678 | D:4      | 3678 ||| PLANNING TEMPLE
  3684 | D:4      | 3684 ||| DROPPING ring of magical power.
  3685 | D:4      | 3685 ||| READING scroll labelled ICRAVEE GIOSTE.
  3686 | D:4      | 3686 ||| FLEEEEING.
  3687 | D:4      | 3687 ||| FLEEEEING.
  3689 | D:4      | 3689 ||| FLEEEEING.
  3690 | D:4      | 3690 ||| FLEEEEING.
  3691 | D:4      | 3691 ||| FLEEEEING.
  3693 | D:4      | 3693 ||| FLEEEEING.
  3694 | D:4      | 3694 ||| FLEEEEING.
  3696 | D:4      | 3696 ||| FLEEEEING.
  3697 | D:4      | 3697 ||| FLEEEEING.
  3698 | D:4      | 3698 ||| FLEEEEING.
  3699 | D:4      | 3699 ||| FLEEEEING.
  3700 | D:4      | 3700 ||| FLEEEEING.
  3701 | D:4      | 3701 ||| FLEEEEING.
  3703 | D:4      | 3703 ||| FLEEEEING.
  3704 | D:4      | 3704 ||| FLEEEEING.
  3705 | D:4      | 3705 ||| FLEEEEING.
  3706 | D:4      | 3706 ||| STAIRDANCE
  3708 | D:3      | 3708 ||| READING 2 scrolls of identify.
  3708 | D:3      | 3708 ||| IDENTIFYING green potion
  3713 | D:4      | 3713 ||| STAIRDANCE
  3780 | Temple   | Entered the Ecumenical Temple
  3781 | Temple   | 3781 ||| PLANNING D:1-11
  3828 | D:4      | 3828 ||| Stepping ~*~*~tactically~*~*~ (stealth).
  3894 | D:4      | Noticed a yak
  3900 | D:4      | Reached XP level 7. HP: 32/41 MP: 7/7
  3908 | D:4      | Killed a yak
  3909 | D:4      | Reached skill level 7 in Shields
  4148 | D:4      | Reached skill level 8 in Shields
  4559 | D:4      | 4559 ||| UPGRADING to +0 cloak.
  4564 | D:4      | 4564 ||| READING scroll labelled CELYSU ZADWI.
  4609 | D:5      | Entered Level 5 of the Dungeon
  4610 | D:5      | 4610 ||| STAIRDANCE
  4670 | D:5      | 4670 ||| STAIRDANCE
  4675 | D:4      | HP: 9/41 [hound (4)]
  4676 | D:4      | 4676 ||| READING 3 scrolls of teleportation.
  4677 | D:4      | 4677 ||| DRINKING potion of heal wounds.
  4685 | D:4      | 4685 ||| Stepping ~*~*~tactically~*~*~ (stealth).
  4692 | D:4      | HP: 8/41 [killer bee (5)]
  4693 | D:4      | 4693 ||| READING 2 scrolls of teleportation.
  4693 | D:4      | HP: 2/41 [killer bee (6)]
  4694 | D:4      | Slain by a killer bee

Levels and vault maps discovered:
D:1:      ldierk_walled_garden_2, layout_basic, ebering_ecumenical_altar_mist
D:2:      layout_basic, uniq_crazy_yiuf_cottage
D:3:      layout_basic, tgw_kikubaaqudgha
D:4:      layout_loops_cross, pf_just_have_faith, minmay_temple_entry_offerings,
          minmay_misc_feat_roman, minmay_small_thing
D:5:      layout_basic, mainiacjoe_overflow_small_starburst,
          mainiacjoe_overflow_alcove_1, st_stairs_11, uniq_blork_the_orc,
          uniq_duvessa
Temple:   hellmonk_temple_micro_hex

Skill      XL: |  1  2  3  4  5  6  7 |
---------------+----------------------+-----
Axes           | 2 3 4 |  4.6
Shields        | 5 6 8 |  8.1
Fighting       | |  3.2
Armour         | |  3.2

Action                   |  1- 3 |  4- 6 |  7- 9 || total
-------------------------+-------+-------+-------++-------
Melee: War axe           |   128 |   110 |    31 ||   269
Throw: Boomerang         |       |    31 |     2 ||    33
  Use: Scroll            |     3 |     8 |     3 ||    14
       Potion            |     1 |     1 |     1 ||     3
Armor: Scale mail        |    82 |    11 |       ||    93
       Plate armour      |       |    73 |    59 ||   132
Dodge: Dodged            |    69 |    19 |    13 ||   101
Block: Buckler           |    27 |     2 |       ||    29
       Tower shield      |       |    59 |    56 ||   115

Table legend:
 A = Non-vault XP
 B = Vault XP
 C = Vault XP percentage of total XP
 D = Non-vault monster count
 E = Vault monster count
 F = Vault count percentage of total count
                 A         B        C        D         E       F
            +---------+---------+-------+---------+---------+-------
      Total |     736 |     309 |  29.6 |      73 |       2 |   2.7
            +---------+---------+-------+---------+---------+-------
        D:1 |      38 |       0 |   0.0 |      23 |       0 |   0.0
        D:2 |     118 |       0 |   0.0 |      24 |       0 |   0.0
        D:3 |      18 |       0 |   0.0 |      10 |       0 |   0.0
        D:4 |     562 |     309 |  35.5 |      16 |       2 |  11.1
            +---------+---------+-------+---------+---------+-------
